 Dungeon Crawl Stone Soup version 0.26.1-2-gb8aa6d0cf2 (webtiles) character file.

Game seed: 17871712409325147201

152 skwiii the Skirmisher (level 5, 0/48 HPs)
             Began as a Minotaur Abyssal Knight on Feb 21, 2021.
             Was a Believer of Lugonu.
             Slain by an adder (3 damage)
             ... on level 4 of the Dungeon.
             The game lasted 00:09:43 (4201 turns).

skwiii the Skirmisher (Minotaur Abyssal Knight)     Turns: 4201, Time: 00:09:43

Health: 0/48       AC:  6    Str: 18    XL:     5   Next: 11%
Magic:  4/5        EV: 10    Int:  9    God:    Lugonu [**....]
Gold:   213        SH:  0    Dex:  9    Spells: 4/4 levels left

rFire    . . .     SeeInvis .   a - +1 hand axe
rCold    . . .     Faith    .   (no shield)
rNeg     . . .     Spirit   .   t - +0 scale mail
rPois    .         Reflect  .   (helmet restricted)
rElec    .         Harm     .   (no cloak)
rCorr    .         Rampage  .   (no gloves)
Will     .....                  (no boots)
Stlth    ..........             (no amulet)
HPRegen  0.16/turn              (no ring)
MPRegen  0.09/turn              (no ring)

@: lethally poisoned (0 -> -2)
A: retaliatory headbutt, horns 2
a: Renounce Religion, Depart the Abyss, Bend Space


You were on level 4 of the Dungeon.
You worshipped Lugonu.
Lugonu was pleased with you.
You visited 1 branch of the dungeon, and saw 4 of its levels.
You visited the Abyss 1 time.

You collected 213 gold pieces.

Inventory:

Hand Weapons
 a - a +1 hand axe (weapon)
 y - a cursed +0 arbalest
Armour
 b - a +0 leather armour
 f - a +0 cloak
 p - a +0 scale mail
 t - a +0 scale mail (worn)
 v - a +0 chain mail
 A - a +1 ring mail of willpower
Jewellery
 j - an uncursed ring of resist corrosion {unknown}
 q - an uncursed amulet of inaccuracy
 s - a +6 ring of dexterity {unknown}
 u - an uncursed ring of protection from cold
Scrolls
 c - a scroll of noise {unknown}
 k - a scroll of identify {unknown}
 l - a scroll of random uselessness {unknown}
 n - a scroll of magic mapping
 r - a scroll of enchant weapon {unknown}
 w - a scroll of fog {unknown}
 x - a scroll of enchant armour {unknown}
Potions
 d - a potion of attraction {unknown}
 e - a potion of ambrosia {unknown}
 g - a potion of resistance
 h - a potion of invisibility
 i - a potion of curing {unknown}
 m - a potion of heal wounds {unknown}
 o - a potion of might {unknown}
 z - a potion of flight {unknown}


   Skills:
 * Level 5.1 Fighting
 * Level 4.2 Axes
 + Level 3.4 Armour
 - Level 1.1 Dodging
 + Level 2.5 Invocations


You had 4 spell levels left.
You didn't know any spells.
Your spell library was empty.

Dungeon Overview and Level Annotations

Branches:
Dungeon (4/15)
 Temple: D:4-7

Altars:
Dithmenos

Shops:
D:4 =

Portals:
Ossuary: D:4

Annotations:
D:2 Grinder


Innate Abilities, Weirdness & Mutations

You reflexively headbutt those who attack you in melee.
You have a pair of horns on your head.


Message History

You open the door.
The ogre hits you with a +0 giant spiked club!
* * * LOW HITPOINT WARNING * * *
The adder bites you.
* * * LOW HITPOINT WARNING * * *
You are poisoned.
The adder poisons you!
Okay, then.
Okay, then.
You feel sick.
There is an open door here.
The adder bites you but does no damage. Space bends around you!
You blink.
You hear the slow hiss of a distant avalanche of sand.
* * * LOW HITPOINT WARNING * * *
You feel sick.
Found 7 gold pieces.
* * * LOW HITPOINT WARNING * * *
You feel sick. The adder bites you.
You die...

*,*,*,*,*,*,,,,,,********,*+*****
,*,*,*,*,*,*,,,,,.#***..,,,,,,,,,
*,*,*,*,*,*,,,,,,.#*,...*,,,,,,,,
,*,*,*,*,*,*,*,,..#*...⌠,,,,,,,,,
*,*,*,*,*,*,**,,..##.$..*,,,,,,,,
,*,*,*,*,*,*,***#.......,,,,,****
*,*,*,*,*,*,** #.......,,,,,*
,*,*,*,*,*,#.####.......,,,,,*
#,*,*,*,*,#.##..@.#****,,,,,,*
.#,*,*,*,#.#.#.OS.# ****#***###
#.#,*,*,#.#.##....#####...###*#.#
.#.#,*,#.#.#.+....'§......#..,..#
#.#.#,#.#.#.##....####....#.#*#.#
...#.#.#.#.#.#...#####....#.# #.#
..#.#.#.#.#.##............#.###.#
.......#.#.#.#............#.#....
#.#...#†#.#.####..........#.#.#.#


You could see an ogre and an adder.

Vanquished Creatures
  A river rat (D:3)
  4 adders
  An ooze (D:4)
  7 worms
  2 dart slugs (D:3)
  A leopard gecko (D:3)
  An orc (D:3)
  11 giant cockroaches
  6 goblins
  5 hobgoblins
  4 jackals (D:1)
  13 kobolds
  A quokka (D:3)
  A ball python (D:3)
  7 bats
  4 frilled lizards
  8 rats
77 creatures vanquished.

Notes
Turn   | Place    | Note
-------+----------+-------------------------------------------
     0 | Abyss:1  | skwiii the Minotaur Abyssal Knight began the quest for the
                  | Orb.
     0 | Abyss:1  | Reached XP level 1. HP: 19/19 MP: 1/1
     1 | D:1      | Escaped the Abyss
   128 | D:1      | Reached skill level 4 in Fighting
   164 | D:1      | Reached XP level 2. HP: 26/27 MP: 2/2
   235 | D:1      | Reached * piety under Lugonu
   886 | D:1      | Reached XP level 3. HP: 33/33 MP: 3/3
  2360 | D:2      | Found a shadowy altar of Dithmenos.
  2372 | D:2      | Reached XP level 4. HP: 29/41 MP: 4/4
  2844 | D:3      | Reached ** piety under Lugonu
  2941 | D:3      | Noticed Grinder
  2941 | D:3      | Paralysed by Grinder for 6 turns
  3191 | D:2      | Paralysed by Grinder for 2 turns
  3199 | D:2      | Paralysed by Grinder for 4 turns
  3215 | D:2      | Paralysed by Grinder for 2 turns
  3759 | D:3      | Reached skill level 5 in Fighting
  3771 | D:3      | Reached XP level 5. HP: 44/48 MP: 5/5
  4038 | D:4      | Found Such's Jewellery Boutique.
  4113 | D:4      | Found a sand-covered staircase.
  4189 | D:4      | Noticed an ogre
  4201 | D:4      | Slain by an adder

Illustrated notes

Levels and vault maps discovered:
D:1:      dpeg_arrival_court, layout_basic, minmay_tromino_v4_a
D:2:      layout_loops_ring, grunt_dithmenos_smoke_and_mirrors
D:3:      layout_rooms, portal_sewer_entry_e, minmay_misc_feat_nine_boxes,
          st_stairs_9, uniq_grinder
D:4:      layout_basic, enter_ossuary_5, serial_shops, shop_statue,
          hangedman_feature_mirror, uniq_sigmund

Skill      XL: |  1  2  3  4 |
---------------+-------------+-----
Fighting       | 4 5 |  5.1
Invocations    | 2 |  2.5
Axes           | 3 4 |  4.2
Armour         | 3 |  3.4
Dodging        | |  1.1

Action                   |  1- 3 |  4- 6 || total
-------------------------+-------+-------++-------
Melee: Hand axe          |   108 |    94 ||   202
       Headbutt          |    18 |    16 ||    34
Invok: Depart the Abyss  |     1 |       ||     1
       Bend Space        |       |     2 ||     2
  Use: Scroll            |     2 |     5 ||     7
       Potion            |     2 |     1 ||     3
Armor: Leather armour    |    27 |       ||    27
       Scale mail        |    18 |    42 ||    60
Dodge: Dodged            |    73 |    40 ||   113
